 Dungeon Sprint DCSS version 0.30-a0-354-g6b83867211 (webtiles) character file.

Game seed: 6468266983319521768

50390 rocky1 the Timeless (level 14, -58/128 HPs)
             Began as a Formicid Fighter on Nov 8, 2022.
             Was a High Priest of Cheibriados.
             Killed from afar by a deep elf annihilator (91 damage)
             ... with a crystal spear
             ... in the Dungeon (Sprint VII: "The Pits").
             The game lasted 00:24:16 (5686 turns).

rocky1 the Timeless (Formicid Fighter)              Turns: 5686, Time: 00:24:17

Health: -58/128    AC: 28    Str: 44    XL:     14   Next: 97%
Magic:  23/28      EV: 19    Int: 23    God:    Cheibriados [*****.]
Gold:   19         SH: 17    Dex: 25    Spells: 13/13 levels left

rFire   . . .      SeeInvis +    a - +2 battleaxe "Wodgh" {venom, rPois Str+3 Int+2 Dex-5}
rCold   + + .      Faith    .    G - +0 kite shield {rC+}
rNeg    . . .      Spirit   .    z - +6 chain mail {rC+}
rPois   +          Reflect  .    (helmet unavailable)
rElec   .          Harm     .    h - +1 cloak
rCorr   .          Rampage  .    q - +0 pair of gloves
Will    +++..                    F - +2 pair of boots {Fly}
Stlth   +.........               D - amulet "Tulib" {RegenMP Will++ Dex+3}
HPRegen 0.41/turn                m - +3 ring of evasion
MPRegen 0.61/turn                n - +3 ring of evasion

@: flying, studying Armour, very slow
A: permanent stasis, dig shafts and tunnels, antennae 3, four strong arms
a: Dig, Renounce Religion, Bend Time, Temporal Distortion, Slouch, Step From
Time


You were in the Dungeon.
You worshipped Cheibriados.
Cheibriados was extremely pleased with you.
You visited 1 branch You collected 19 gold pieces.

Inventory:

Hand Weapons
 a - the +2 battleaxe "Wodgh" (weapon) {venom, rPois Str+3 Int+2 Dex-5}
   (You found it in the Dungeon)

   It poisons the flesh of those it strikes.
   Str:       It affects your strength (+3).
   Int:       It affects your intelligence (+2).
   Dex:       It affects your dexterity (-5).
   rPois:     It protects you from poison.
 b - a +2 arbalest of freezing
 c - a +2 broad axe of flaming
 l - a +2 demon trident of flaming
 p - a +2 battleaxe of electrocution
 w - a +2 halberd of protection
 A - the +8 demon trident "Rift" {distort, reach+}
   (You found it in the Dungeon)

   It warps and distorts space around it, and may blink, banish, or inflict
   extra damage upon those it strikes.
   Unwielding it can cause banishment or high damage.
   It can reach especially far, and its reaching attacks ignore other creatures
   in the way.
 C - a +3 giant spiked club
 K - the +10 hand axe "Abuthico" {flame, *Corrode rElec rF+ rN+}
   (You took it off a vampire mage in the Dungeon)

   It burns those it strikes, dealing additional fire damage.
   Big, fiery blades are also staple armaments of hydra-hunters.
   rF:        It protects you from fire.
   rElec:     It insulates you from electricity.
   rN:        It protects you from negative energy.
   *Corrode:  It may corrode you when you take damage.
 L - a +0 whip of pain
Missiles
 k - 8 poisoned darts (quivered)
Armour
 h - a +1 cloak (worn)
 q - a +0 pair of gloves (worn)
 z - a +6 chain mail of cold resistance (worn)
 B - a +1 tower shield
 E - a +1 pair of boots
 F - a +2 pair of boots of flying (worn)
 G - a +0 kite shield of cold resistance (worn)
Jewellery
 m - a +3 ring of evasion (left hand)
 n - a +3 ring of evasion (right hand)
 x - a ring of protection from cold
 D - the amulet "Tulib" (around neck) {RegenMP Will++ Dex+3}
   (You took it off a vampire mage in the Dungeon)

   [amulet of magic regeneration]

   It increases your rate of magic regeneration.
   Dex:       It affects your dexterity (+3).
   Will:      It greatly increases your willpower.
 I - a ring of fire
 J - a +6 ring of intelligence
Wands
 H - a wand of flame (29)
Scrolls
 f - 8 scrolls of enchant weapon
 i - 5 scrolls of amnesia
 j - a scroll of summoning
 s - 5 scrolls of identify
 u - a scroll of fear
 v - a scroll of butterflies
Potions
 d - a potion of might
 e - 5 potions of curing
 g - a potion of magic
 o - 8 potions of mutation
 r - 2 potions of brilliance
 t - a potion of heal wounds
Miscellaneous
 y - a phantom mirror


   Skills:
 + Level 17.4 Fighting
 + Level 11.7(16.7) Axes
 + Level 19.2(20.3) Polearms
 + Level 9.1 Ranged Weapons
 + Level 17.9 Armour
 - Level 4.3 Dodging
 - Level 5.3 Stealth
 + Level 19.2 Shields
 - Level 21.8 Invocations


You had 13 spell levels left.
You didn't know any spells.
Your spell library contained the following spells:

 Spells                   Type           Power      Damage    Failure   Level
 Manifold Assault         Tloc           0%         N/A       99%         4
 Storm Form               Tmut/Air       0%         N/A       100%        7
 Blink                    Tloc           Unusable   N/A       N/A         2

Dungeon Overview and Level Annotations

Branches:
Dungeon (1/1)

Altars:
Ashenzari
Cheibriados
Dithmenos
Elyvilon
Fedhas
Gozag
Hepliaklqana
Kikubaaqudgha
Makhleb
Nemelex Xobeh
Okawaru
Qazlal
Ru
Sif Muna
Trog
Uskayaw
Vehumet
Wu Jian
Xom
Yredelemnul
Zin
The Shining One
Jiyva
Lugonu


Innate Abilities, Weirdness & Mutations

You cannot be hasted, slowed, berserked, paralysed or teleported.
You can dig through walls and to a lower floor.
You have a pair of large antennae on your head. (SInv)
Your four strong arms can wield two-handed weapons with a shield.


Message History

The sphinx hits you but does no damage. The sphinx barely misses you.
The wind drake flaps its wings at you. The air twists around and strikes you.
Unknown command.
You slice the sphinx like a ripe choko!!!
You kill the sphinx!
Cheibriados thoroughly appreciates the change of pace.
Cheibriados raises the support of your attributes as your movement slows.
You closely miss the wind drake. You block the wind drake's attack.
Your Ranged Weapons skill increases to level 9!
Unknown command.
You block the wind drake's attack. x2
You see here a +1 spear of venom.
You are too injured to fight recklessly!
You slice the wind drake!!
The wind drake is poisoned.
The wind drake is moderately wounded.
You block the wind drake's attack.
The deep elf annihilator casts a spell.
The deep elf annihilator blinks!
You slice the wind drake!!
The wind drake is severely wounded.
The wind drake completely misses you.
You closely miss the wind drake.
The wind drake is severely wounded.
The wind drake bites you but does no damage.
The deep elf annihilator casts a spell at you.
The crystal spear hits you!!
* * * LOW HITPOINT WARNING * * *
Unknown command.
Activating: Slouch (0% risk of failure)
Press: ? - help, Dir - look around, f - activate You can feel time thicken for a moment.
You kill the wind drake!
Cheibriados appreciates the change of pace.
Cheibriados raises the support of your attributes as your movement slows.
Cheibriados lowers the support of your attributes as your movement quickens.
The deep elf annihilator casts a spell at you.
The crystal spear hits you!!!!
Ouch! That really hurt!
You die...

..#######.# { .. {
........{ ..# { ..... {
....##+#####.#####
...#.....#......######
..........[....##....
#§...e.....[.##....
#.†...#..)...''..#.
#.@...#......''....
###############÷[..
###########..#.
.........''....
.........''....
###############..##..#.
##.#.#.#.#)#.#.#..##....


{{{{{ #.#.#.#.#.#.#.##..##.... {{{{{ #.#[#.#.#.#[#.#..####'' You could see a
deep elf annihilator.

Vanquished Creatures
  A deep elf blademaster (D)
  A death cob (D)
  A sphinx (D)
  Ilsuiw (D)
  A nagaraja (D)
  2 ghost moths (D)
  2 orc warlords (D)
  A lorocyproca (D)
  2 green deaths (D)
  A merfolk impaler (D)
  A fire dragon (D)
  A merfolk javelineer (D)
  4 yaktaur captains (D)
  An ice dragon (D)
  3 vault guards (D)
  A hydra (D)
  A catoblepas (D)
  A merfolk avatar (D)
  A centaur warrior (D)
  2 death knights (D)
  A boulder beetle (D)
  3 vampire magi (D)
  An orc high priest (D)
  A deep elf knight (D)
  2 hell knights (D)
  A shadow wraith (D)
  2 fire crabs (D)
  A sea snake (D)
  A spriggan druid (D)
  A flayed ghost (D)
  2 bog bodies (D)
  2 lindwurms (D)
  12 orc knights (D)
  A deep elf pyromancer (D)
  2 necromancers (D)
  2 merfolk sirens (D)
  A guardian serpent (D)
  A guardian serpent (shapeshifter) (D)
  2 molten gargoyles (D)
  2 eyes of devastation (D)
  2 cane toads (D)
  A demonic crawler (D)
  2 yaktaurs (D)
  An efreet (D)
  2 guardian mummies (D)
  A red devil (D)
  4 wandering mushrooms (D)
  A wind drake (D)
  A polar bear (D)
  5 merfolk (D)
  4 slime creatures (D)
  9 blink frogs (D)
  A flying skull (D)
  A jumping spider (D)
  2 wyverns (D)
  2 redbacks (D)
  2 neqoxecs (D)
  6 vampire mosquitoes (D)
  2 wargs (D)
  An acid dragon (D)
  A water moccasin (D)
  2 swamp drakes (D)
  3 ice beasts (D)
  A black bear (D)
  8 orc warriors (D)
  A centaur (D)
  A phantom (D)
  A kobold brigand (D)
  An earth elemental (D)
  3 scorpions (D)
  2 crimson imps (D)
  A hound (D)
  An iguana (D)
  3 hell rats (D)
  2 orc wizards (D)
  An adder (D)
  A white imp (D)
  3 ufetubi (D)
  An adder zombie (D)
  8 orcs (D)
  An endoplasm (D)
  3 goblins (D)
  2 hobgoblins (D)
  3 jackals (D)
  A kobold (D)
  2 ball python skeletons (D)
  A ball python zombie (D)
  2 bats (D)
  A quokka zombie (D)
181 creatures vanquished.

Vanquished Creatures (others)
  An orc knight (D)
  An orc warrior (D)
  An orc (D)
3 creatures vanquished.

Grand Total: 184 creatures vanquished

Notes
Turn   | Place    | Note
-------+----------+-------------------------------------------
     0 | D        | rocky1 the Formicid Fighter began the quest for the Orb.
     0 | D        | Reached XP level 1. HP: 18/18 MP: 1/1
    63 | D        | Found a bloodstained altar of Trog.
    63 | D        | Found a shimmering blue altar of Sif Muna.
    63 | D        | Found a viscous altar of Jiyva.
    63 | D        | Found a hazy altar of Hepliaklqana.
    63 | D        | Found an opulent altar of Gozag.
    64 | D        | Found a glowing golden altar of the Shining One.
    64 | D        | Found a glowing silver altar of Zin.
    64 | D        | Found a basalt altar of Yredelemnul.
    64 | D        | Found a shimmering altar of Xom.
    64 | D        | Found an ornate altar of the Wu Jian Council.
    64 | D        | Found a sacrificial altar of Ru.
    64 | D        | Found a stormy altar of Qazlal.
    64 | D        | Found an iron altar of Okawaru.
    64 | D        | Found a sparkling altar of Nemelex Xobeh.
    64 | D        | Found a burning altar of Makhleb.
    64 | D        | Found a blossoming altar of Fedhas.
    64 | D        | Found a white marble altar of Elyvilon.
    64 | D        | Found a shadowy altar of Dithmenos.
    64 | D        | Found a snail-covered altar of Cheibriados.
    67 | D        | Found a corrupted altar of Lugonu.
    67 | D        | Found a radiant altar of Vehumet.
    68 | D        | Found an ancient bone altar of Kikubaaqudgha.
    68 | D        | Found a hide-covered altar of Uskayaw.
    68 | D        | Found a broken altar of Ashenzari.
    75 | D        | Became a worshipper of Cheibriados the Contemplative
   121 | D        | Reached XP level 2. HP: 22/25 MP: 2/2
   124 | D        | Reached * piety under Cheibriados
   125 | D        | Reached skill level 5 in Shields
   133 | D        | Noticed a scorpion
   139 | D        | Killed a scorpion
   140 | D        | Reached skill level 5 in Fighting
   140 | D        | Reached skill level 5 in Armour
   140 | D        | Reached skill level 1 in Dodging
   140 | D        | Reached XP level 3. HP: 13/33 MP: 3/3
   140 | D        | Reached XP level 4. HP: 15/39 MP: 4/4
   140 | D        | Reached ** piety under Cheibriados
   372 | D        | Reached *** piety under Cheibriados
   568 | D        | Noticed a water moccasin
   574 | D        | Noticed a warg
   581 | D        | Reached **** piety under Cheibriados
   586 | D        | Killed a warg
   587 | D        | Reached skill level 5 in Polearms
   587 | D        | Reached skill level 1 in Stealth
   587 | D        | Reached skill level 4 in Invocations
   587 | D        | Reached XP level 5. HP: 30/47 MP: 4/8
   587 | D        | Reached XP level 6. HP: 33/53 MP: 4/9
   594 | D        | Killed a water moccasin
   594 | D        | Reached ***** piety under Cheibriados
   595 | D        | Reached skill level 5 in Invocations
   605 | D        | Reached XP level 7. HP: 45/60 MP: 6/11
   774 | D        | Noticed a wyvern
   778 | D        | Killed a wyvern
   779 | D        | Reached skill level 6 in Invocations
   813 | D        | Reached ****** piety under Cheibriados
   814 | D        | Reached skill level 7 in Invocations
   819 | D        | Reached XP level 8. HP: 53/68 MP: 13/13
   969 | D        | Noticed a boulder beetle
  1288 | D        | Killed a boulder beetle
  1289 | D        | Reached skill level 10 in Polearms
  1289 | D        | Reached skill level 10 in Shields
  1289 | D        | Reached skill level 9 in Invocations
  1289 | D        | Reached XP level 9. HP: 48/76 MP: 13/15
  1527 | D        | Noticed a molten gargoyle
  1536 | D        | HP: 3/76 [molten gargoyle/+4 mace (9)]
  1541 | D        | Killed a molten gargoyle
  1892 | D        | Noticed a guardian serpent
  1892 | D        | Noticed a death knight
  1893 | D        | Killed a guardian serpent
  1894 | D        | Reached skill level 10 in Armour
  1894 | D        | Reached skill level 10 in Invocations
  1898 | D        | Killed a death knight
  1899 | D        | Reached skill level 10 in Fighting
  2038 | D        | Noticed a sea snake
  2041 | D        | Reached skill level 11 in Invocations
  2041 | D        | Killed a sea snake
  2042 | D        | Reached XP level 10. HP: 86/86 MP: 12/18
  2053 | D        | Noticed a shadow wraith
  2061 | D        | Killed a shadow wraith
  2062 | D        | Reached skill level 12 in Invocations
  2081 | D        | Noticed an efreet
  2088 | D        | Killed an efreet
  2220 | D        | Noticed a lindwurm
  2220 | D        | Noticed a four-headed hydra
  2220 | D        | Noticed a merfolk siren
  2222 | D        | Killed a merfolk siren
  2223 | D        | Reached skill level 13 in Invocations
  2223 | D        | Killed a lindwurm
  2225 | D        | Killed a four-headed hydra
  2226 | D        | Reached skill level 14 in Invocations
  2226 | D        | Reached XP level 11. HP: 82/94 MP: 15/21
  2228 | D        | Noticed a spriggan druid
  2232 | D        | Killed a spriggan druid
  2233 | D        | Reached skill level 15 in Invocations
  2239 | D        | Noticed a merfolk javelineer
  2244 | D        | Reached skill level 16 in Invocations
  2245 | D        | Killed a merfolk javelineer
  2246 | D        | Reached skill level 15 in Polearms
  2247 | D        | Noticed Ilsuiw
  2262 | D        | Reached skill level 17 in Invocations
  2271 | D        | Killed Ilsuiw
  2499 | D        | Noticed a nagaraja
  2501 | D        | Reached skill level 18 in Invocations
  2507 | D        | Noticed an orc knight
  2507 | D        | Noticed an orc knight
  2514 | D        | Noticed a bog body
  2516 | D        | Killed an orc knight
  2516 | D        | Killed an orc knight
  2517 | D        | Reached skill level 19 in Invocations
  2517 | D        | Reached XP level 12. HP: 20/103 MP: 2/25
  2526 | D        | Killed a nagaraja
  2527 | D        | Reached skill level 20 in Invocations
  2529 | D        | Reached skill level 21 in Invocations
  2563 | D        | Noticed a merfolk impaler
  2576 | D        | Killed a merfolk impaler
  2595 | D        | Reached skill level 5 in Stealth
  2905 | D        | Got the +2 battleaxe "Wodgh" {venom, rPois Str+3 Int+2
                  | Dex-5}
  3000 | D        | Reached skill level 1 in Axes
  3314 | D        | Noticed a merfolk avatar
  3326 | D        | Killed a merfolk avatar
  3327 | D        | Reached XP level 13. HP: 111/111 MP: 27/27
  3429 | D        | Noticed a ghost moth
  3438 | D        | Killed a ghost moth
  3568 | D        | Noticed an orc warlord
  3568 | D        | Noticed an orc warlord
  3577 | D        | Reached skill level 5 in Axes
  3580 | D        | Killed an orc warlord
  3593 | D        | Reached skill level 15 in Shields
  3604 | D        | Killed an orc warlord
  3678 | D        | Noticed a vault guard
  3709 | D        | Killed a vault guard
  3734 | D        | Noticed a centaur warrior
  3741 | D        | Killed a centaur warrior
  3809 | D        | Noticed a yaktaur captain
  3866 | D        | Killed a yaktaur captain
  3867 | D        | Reached skill level 1 in Ranged Weapons
  3872 | D        | Noticed a yaktaur captain
  3885 | D        | Killed a yaktaur captain
  3895 | D        | Noticed a yaktaur captain
  3901 | D        | Killed a yaktaur captain
  3902 | D        | Reached skill level 15 in Fighting
  4106 | D        | Noticed a green death
  4119 | D        | Killed a green death
  4120 | D        | Reached skill level 15 in Armour
  4326 | D        | Found the +8 demon trident "Rift" {distort, reach+}
  4416 | D        | Noticed a vault guard
  4434 | D        | Killed a vault guard
  4436 | D        | Noticed a yaktaur captain
  4436 | D        | Noticed a vault guard
  4448 | D        | Killed a yaktaur captain
  4460 | D        | Killed a vault guard
  4461 | D        | Reached XP level 14. HP: 48/123 MP: 28/28
  4826 | D        | Noticed a ghost moth
  4829 | D        | Reached skill level 5 in Ranged Weapons
  4829 | D        | Killed a ghost moth
  4894 | D        | Noticed a deep elf blademaster
  4901 | D        | Noticed a death cob
  4905 | D        | Killed a death cob
  4906 | D        | Killed a deep elf blademaster
  4918 | D        | Reached skill level 10 in Axes
  4934 | D        | Identified the amulet "Tulib" {RegenMP Will++ Dex+3}
  5566 | D        | Identified the +10 hand axe "Abuthico" {flame, *Corrode
                  | rElec rF+ rN+}
  5668 | D        | Noticed a deep elf annihilator
  5668 | D        | Noticed a lorocyproca
  5670 | D        | Noticed a sphinx
  5675 | D        | Killed a lorocyproca
  5681 | D        | Killed a sphinx
  5686 | D        | Killed from afar by a deep elf annihilator

Illustrated notes

Levels and vault maps discovered:
D:        pitsprint [storerooms_1, entrance_room_1, metal_vault_6, armoury_1,
          mini_pit_1, grid_room_1, main_hall_1, silver_pit, the_coven_2,
          the_vestibule_1, steel_vault_3, golden_pit, hallway_of_sentries,
          crystal_vault_1, iron_vault_3, final_vault]

Skill      XL: |  1  2  3  4  5  6  7  8  9 10 11 12 13 14 |
---------------+-------------------------------------------+-----
Fighting       | 4 5 6 7 8 9 10 11 12 13 15 17 | 17.4
Armour         | 5 7 8 9 10 11 13 15 17 | 17.9
Shields        | 6 7 8 9 10 11 12 13 16 19 | 19.2
Polearms       | 3 5 6 8 10 12 14 15 16 17 19 | 19.2
Dodging        | 1 2 3 4 |  4.3
Stealth        | 1 2 3 5 |  5.3
Invocations    | 4 5 7 9 11 14 19 21 | 21.8
Axes           | 4 8 11 | 11.7
Ranged Weapons | 4 9 |  9.1

Action                   |  1- 3 |  4- 6 |  7- 9 | 10-12 | 13-15 || total
-------------------------+-------+-------+-------+-------+-------++-------
Melee: Trident           |    22 |    41 |    40 |       |       ||   103
       Halberd           |       |       |    34 |   138 |   166 ||   338
       Battleaxe         |       |       |       |       |    77 ||    77
 Fire: Arbalest          |       |       |       |       |     8 ||     8
Invok: Slouch            |       |       |     4 |    23 |    25 ||    52
 Abil: Dig               |       |       |     1 |       |       ||     1
  Use: Potion            |       |     1 |     4 |    12 |     6 ||    23
 Stab: Invisible         |       |       |       |    12 |     8 ||    20
Armor: Scale mail        |    19 |     7 |       |       |       ||    26
       Chain mail        |       |     6 |    14 |       |    28 ||    48
       Plate armour      |       |       |     9 |    30 |    28 ||    67
Dodge: Dodged            |    23 |    15 |    23 |    67 |    91 ||   219
Block: Buckler           |     8 |    13 |    17 |    52 |    42 ||   132
       Tower shield      |       |       |       |       |    54 ||    54
       Kite shield       |       |       |       |       |    20 ||    20

Table legend: (Time is in decaauts)
 A = Elapsed time spent in this place.
 B = Non-inter-level travel time spent in this place.
 C = Inter-level travel time spent in this place.
 D = Time resting spent in this place.
 E = Time spent auto-exploring this place.
 F = Levels seen in this place.
 G = Mean time per level.
                   A        B        C        D        E       F      G
               +--------+--------+--------+--------+--------+-----+--------+
         Total |   6753 |   6391 |    362 |   3621 |      0 |   1 | 6753.0 |
       Dungeon |   6753 |   6391 |    362 |   3621 |      0 |   1 | 6753.0 |
               +--------+--------+--------+--------+--------+-----+--------+

Top non-repeatable levels by time:
       D: 6753 daAuts
